 Dungeon Crawl Stone Soup version 0.22-a0-136-g83a10e5 (webtiles) character file.

13733 varam the Destroyer (level 12, -6/68 HPs)
             Began as a Gargoyle Fire Elementalist on Feb 2, 2018.
             Was a High Priest of Vehumet.
             Mangled by a 12-headed hydra (8 damage)
             ... on level 1 of the Lair of Beasts.
             The game lasted 01:07:02 (12297 turns).

varam the Destroyer (Gargoyle Fire Elementalist)   Turns: 12297, Time: 01:07:03

Health: -6/68      AC: 19    Str: 14    XL:     12   Next: 9%
Magic:  3/21       EV: 13    Int: 19    God:    Vehumet [*****.]
Gold:   282        SH:  5    Dex: 10    Spells: 1/23 levels left

rFire    . . .     SeeInvis .   u - +6 war axe (freeze)
rCold    + . .     Gourm    .   P - +0 buckler
rNeg     + . .     Faith    +   N - +2 robe {rC+}
rPois    ∞         Spirit   .   k - +0 helmet
rElec    +         Reflect  .   e - +0 cloak
rCorr    .         Harm     .   B - +0 pair of gloves
MR       +....                  S - +1 pair of boots {Fly}
Stlth    ++........             s - amulet of faith
HPRegen  0.21/turn              (no ring)
MPRegen  0.17/turn              o - ring of protection from magic

@: flying
A: negative energy resistance 1, electricity resistance, unbreathing,
petrification resistance, rot immunity, AC +8
a: Renounce Religion, Stop Flying


You were on level 1 of the Lair of Beasts.
You worshipped Vehumet.
Vehumet was extremely pleased with you.
You were not hungry.

You visited 3 branches of the dungeon, and saw 12 of its levels.
You also visited: Ossuary.

You collected 716 gold pieces.
You spent 434 gold pieces at shops.

Inventory:

Hand Weapons
 u - a +6 war axe of freezing (weapon)
 W - a +4 morningstar of freezing
Armour
 e - a +0 cloak (worn)
 k - a +0 helmet (worn)
 B - a +0 pair of gloves (worn)
 K - a +2 shield
 N - a +2 robe of cold resistance (worn)
 P - a +0 buckler (worn)
 S - a +1 pair of boots of flying (worn)
Jewellery
 o - a ring of protection from magic (right hand)
 s - an amulet of faith (around neck)
 w - a +3 ring of dexterity {unknown}
 Q - an uncursed amulet of magic regeneration {unknown}
 R - a +3 amulet of reflection {unknown}
Wands
 a - a wand of polymorph (3)
 d - a wand of digging (9)
 V - a wand of paralysis (19)
 Y - a wand of enslavement (10)
Scrolls
 f - 4 scrolls of magic mapping
 j - 7 scrolls of teleportation
 l - a scroll of enchant weapon
 n - 4 scrolls of immolation
 p - 4 scrolls of remove curse
 r - 2 scrolls of fog
 v - a scroll of random uselessness
 z - 2 scrolls of enchant armour
 C - a scroll of fear {unknown}
 H - a scroll of noise {unknown}
 M - a scroll of torment {unknown}
 U - a scroll of blinking {unknown}
 X - a scroll of identify
 Z - a scroll of amnesia
Potions
 g - 9 potions of curing
 i - 3 potions of lignification
 m - 2 potions of agility
 q - 2 potions of mutation
 E - 2 potions of might
 F - 3 potions of magic
 G - a potion of ambrosia
 I - a potion of flight
 J - a potion of cancellation {unknown}
 L - a potion of heal wounds
Books
 b - a book of Flames

   Spells                             Type                      Level
   a - Flame Tongue                   Conjuration/Fire             1
   b - Throw Flame                    Conjuration/Fire             2
   c - Conjure Flame                  Conjuration/Fire             3
   d - Inner Flame                    Hexes/Fire                   3
   e - Sticky Flame                   Conjuration/Fire             4
   f - Fireball                       Conjuration/Fire             5
 t - a book of Cantrips

   Spells                             Type                      Level
   a - Confusing Touch                Hexes                        1
   b - Animate Skeleton               Necromancy                   1
   c - Summon Small Mammal            Summoning                    1
   d - Apportation                    Translocation                1
 y - a book of Air

   Spells                             Type                      Level
   a - Shock                          Conjuration/Air              1
   b - Swiftness                      Charms/Air                   2
   c - Static Discharge               Conjuration/Air              3
   d - Airstrike                      Air                          4
   e - Lightning Bolt                 Conjuration/Air              5
 T - a book of Battle

   Spells                             Type                      Level
   a - Infusion                       Charms                       1
   b - Shroud of Golubria             Charms/Translocation         2
   c - Song of Slaying                Charms                       2
   d - Spectral Weapon                Hexes/Charms                 3
   e - Regeneration                   Charms/Necromancy            3
Comestibles
 c - 17 rations


   Skills:
 + Level 5.4 Fighting
 + Level 5.1 Axes
 + Level 5.5 Armour
 + Level 4.4 Dodging
 - Level 2.1 Stealth
 - Level 7.4 Shields
 + Level 6.3 Spellcasting
 * Level 10.0 Conjurations
 + Level 1.6 Hexes
 + Level 0.0 Charms
 * Level 7.7 Fire Magic
 * Level 6.4 Earth Magic


You had one spell level left.
You knew the following spells:

 Your Spells              Type           Power        Failure   Level  Hunger
a - Conjure Flame         Conj/Fire      #####...     1%          3    ##.....
b - Confusing Touch       Hex            ##....       5%          1    None
c - Throw Flame           Conj/Fire      #####.       1%          2    None
d - Fireball              Conj/Fire      #####.....   2%          5    #####..
e - Bolt of Magma         Conj/Fire/Erth #####.....   3%          5    #####..
f - Song of Slaying       Chrm           #.......     16%         2    None
z - Sticky Flame          Conj/Fire      #####...     1%          4    ####...


Dungeon Overview and Level Annotations

Branches:
Dungeon (10/15)            Temple (1/1) D:4            Lair (1/6) D:10
    Orc (0/2) D:10

Altars:
Ashenzari
Cheibriados
Dithmenos
Elyvilon
Fedhas
Gozag
Hepliaklqana
Kikubaaqudgha
Makhleb
Nemelex Xobeh
Okawaru
Qazlal
Ru
Sif Muna
Trog
Uskayaw
Vehumet
Wu Jian
Xom
Yredelemnul
Zin
The Shining One

Shops:
D:4 %   D:6 [   D:8 *   D:9 [

Annotations:
D:9 Maurice


Innate Abilities, Weirdness & Mutations

You are resistant to torment.
Your stone body is resilient. (AC +8)
You are immune to poison.
You resist negative energy. (rN+)
You are resistant to electric shocks. (rElec)
You can survive without breathing.
You are immune to petrification.
You are immune to rotting.


Message History

The 11-headed hydra bites you. The 11-headed hydra bites you!
The 11-headed hydra barely misses you. The spiny frog closely misses you.
You slice one of the 11-headed hydra's heads off!
The ten-headed hydra grows two more!
You hit the 12-headed hydra.
The 12-headed hydra seems to slow down.
You freeze the 12-headed hydra.
The 12-headed hydra is severely wounded.
You closely miss the spiny frog.
The 12-headed hydra burns!
The spiny frog stings you!
* * * LOW HITPOINT WARNING * * *
The 12-headed hydra misses you. x2
The 12-headed hydra bites you but does no damage.
The 12-headed hydra closely misses you.
The 12-headed hydra bites you but does no damage. x2
The 12-headed hydra bites you!
* * * LOW HITPOINT WARNING * * *
The 12-headed hydra bites you.
* * * LOW HITPOINT WARNING * * *
The 12-headed hydra closely misses you. You block the 12-headed hydra's attack.
The 12-headed hydra bites you!
You die...

####..## ##..#
#P....########...#
.................#
.................# ##
####.#####.####..###P###.
### ### ##..........
#..^........ ###
##.#F#.#.#.#
#######P#######.@D.......
........P.......#.#.#.#.#
.........................
##..#..#..####..#.#.#.#.#
#...####..P# ##..........
##...##.†.### #.#.#.#.#
.#...###..#.###.........
................#.#.#.#.#
.........................
..


You could see a 12-headed hydra (burning) and a spiny frog.

Vanquished Creatures
  A two-headed ogre (D:8)
  Pikel (D:6)
  An ugly thing (D:8)
  A guardian serpent (D:10)
  2 spiny frogs (Lair:1)
  A gargoyle (D:8)
  2 komodo dragons (Lair:1)
  A troll (D:9)
  Grinder (D:6)
  3 hippogriffs (Lair:1)
  3 blink frogs (Lair:1)
  Sigmund (D:6)
  A human (D:7)
  A wraith (D:10)
  A basilisk (Lair:1)
  15 yaks
  4 hogs (D:7)
  A hungry ghost (D:10)
  Menkaure (D:4)
  Edmund (D:5)
  4 water moccasins
  3 ice beasts
  4 slaves
  An orc warrior (D:7)
  2 ogres
  A necrophage (D:9)
  3 sky beasts
  4 phantoms
  5 centaurs
  4 crocodiles
  2 big kobolds
  A gnoll sergeant (D:10)
  8 bullfrogs
  A scorpion (D:7)
  2 troll zombies (D:10)
  3 killer bees (D:9)
  8 wights (D:10)
  2 howler monkeys
  3 crimson imps
  A quasit (D:9)
  2 jellies
  A centaur zombie (D:10)
  2 hounds (D:5)
  5 orc priests
  3 bullfrog skeletons
  Terence (D:3)
  5 iguanas
  6 orc wizards
  Natasha (twice) (D:4)
  10 worker ants
  4 ogre zombies (D:10)
  11 mummies (Ossuary)
  16 gnolls
  8 adders
  A howler monkey skeleton (D:4)
  2 shadow imps
  A worm (D:4)
  9 leopard geckos
  26 orcs
  7 giant cockroaches
  14 goblins
  10 hobgoblins
  12 jackals
  15 kobolds
  3 quokkas
  A ball python (D:2)
  A ball python skeleton (D:4)
  3 bats
  4 frilled lizards
  5 goblin skeletons (Ossuary)
  A goblin zombie (D:10)
  A hobgoblin skeleton (D:10)
  2 hobgoblin zombies (D:10)
  3 kobold skeletons (Ossuary)
  A leopard gecko skeleton (D:7)
  3 orc skeletons (D:10)
  12 orc zombies (D:10)
  A quokka skeleton (D:4)
  A quokka zombie (D:5)
  7 rats
  11 rat skeletons (Ossuary)
338 creatures vanquished.

Vanquished Creatures (others)
  A fungus (Lair:1)
  A plant (Lair:1)
2 creatures vanquished.

Grand Total: 340 creatures vanquished

Notes
Turn   | Place    | Note
-------+----------+-------------------------------------------
     0 | D:1      | varam the Gargoyle Fire Elementalist began the quest for the Orb.
     0 | D:1      | Reached XP level 1. HP: 10/10 MP: 3/3
   269 | D:1      | Reached skill level 2 in Conjurations
   269 | D:1      | Reached XP level 2. HP: 15/15 MP: 3/5
   538 | D:1      | Reached XP level 3. HP: 18/19 MP: 4/6
   977 | D:2      | Reached skill level 3 in Conjurations
   984 | D:2      | Learned a level 2 spell: Throw Flame
   988 | D:2      | Learned a level 3 spell: Conjure Flame
  1053 | D:2      | Reached XP level 4. HP: 21/24 MP: 4/7
  1295 | D:2      | Reached skill level 4 in Conjurations
  1883 | D:3      | Found a white marble altar of Elyvilon.
  1884 | D:3      | Found a shimmering altar of Xom.
  1929 | D:3      | Reached XP level 5. HP: 28/28 MP: 8/8
  1931 | D:3      | Reached skill level 4 in Fire Magic
  1950 | D:3      | Noticed Terence
  2009 | D:4      | Found a hide-covered altar of Uskayaw.
  2288 | D:3      | Killed Terence
  2406 | D:3      | Found an iron altar of Okawaru.
  2829 | D:4      | Found a staircase to the Ecumenical Temple.
  2835 | Temple   | Entered the Ecumenical Temple
  2854 | Temple   | Became a worshipper of Vehumet
  2931 | D:4      | Found an opulent altar of Gozag.
  2966 | D:4      | Noticed Menkaure
  2974 | D:4      | Killed Menkaure
  2974 | D:4      | Reached skill level 5 in Conjurations
  2974 | D:4      | Reached XP level 6. HP: 26/32 MP: 0/9
  3430 | D:4      | Reached skill level 6 in Conjurations
  3714 | D:4      | Noticed Natasha
  3764 | D:4      | Killed Natasha
  3764 | D:4      | Reached XP level 7. HP: 36/36 MP: 0/10
  3934 | D:4      | Found Fuocepp's Food Shoppe.
  4007 | D:4      | Reached * piety under Vehumet
  4007 | D:4      | Offered knowledge of Sting by Vehumet.
  4035 | D:4      | Reached skill level 5 in Fire Magic
  4206 | D:4      | Noticed Natasha
  4210 | D:4      | Killed Natasha
  4241 | D:5      | Entered Level 5 of the Dungeon
  4281 | D:5      | Reached skill level 1 in Fighting
  4284 | D:5      | Reached skill level 1 in Armour
  4321 | D:5      | Reached skill level 2 in Dodging
  4471 | D:5      | Reached skill level 3 in Spellcasting
  4471 | D:5      | Reached skill level 7 in Conjurations
  4471 | D:5      | Reached XP level 8. HP: 39/44 MP: 9/12
  4537 | D:5      | Reached skill level 2 in Fighting
  4865 | D:5      | Reached skill level 2 in Armour
  5039 | D:5      | Learned a level 5 spell: Fireball
  5089 | D:5      | Reached ** piety under Vehumet
  5100 | D:6      | Offered knowledge of Sandblast by Vehumet.
  5103 | D:6      | Learned a level 1 spell: Sandblast
  5127 | D:6      | Found a sand-covered staircase.
  5136 | Ossuary  | Entered an ossuary
  5234 | Ossuary  | Reached skill level 1 in Axes
  5353 | Ossuary  | Offered knowledge of Ignite Poison by Vehumet.
  5657 | D:6      | Reached skill level 1 in Earth Magic
  5659 | D:6      | Noticed Edmund
  5676 | D:5      | Reached *** piety under Vehumet
  5682 | D:5      | Killed Edmund
  5787 | D:6      | Noticed Grinder
  5823 | D:6      | Reached skill level 1 in Shields
  5897 | D:7      | Offered knowledge of Stone Arrow by Vehumet.
  5899 | D:7      | Reached XP level 9. HP: 49/49 MP: 3/14
  6078 | D:6      | Killed Grinder
  6078 | D:6      | Reached skill level 3 in Fighting
  6078 | D:6      | Reached skill level 3 in Armour
  6078 | D:6      | Reached skill level 8 in Conjurations
  6078 | D:6      | Reached skill level 2 in Earth Magic
  6084 | D:6      | Learned a level 4 spell: Sticky Flame
  6121 | D:6      | Found Wufed's Armour Boutique.
  6129 | D:6      | Bought a +2 robe of cold resistance for 194 gold pieces
  6256 | D:6      | Noticed Sigmund
  6264 | D:6      | Killed Sigmund
  6264 | D:6      | Reached skill level 2 in Axes
  6264 | D:6      | Reached skill level 3 in Dodging
  6407 | D:6      | Noticed Pikel
  6436 | D:7      | Reached skill level 6 in Fire Magic
  6477 | D:7      | Reached skill level 2 in Shields
  6736 | D:7      | Reached skill level 4 in Spellcasting
  6742 | D:7      | Reached skill level 3 in Shields
  6742 | D:7      | Reached skill level 3 in Earth Magic
  6998 | D:6      | Killed Pikel
  6998 | D:6      | Reached skill level 5 in Shields
  6998 | D:6      | Reached XP level 10. HP: 56/56 MP: 2/16
  7229 | D:7      | Reached **** piety under Vehumet
  7302 | D:7      | Reached skill level 6 in Shields
  7405 | D:7      | Reached skill level 3 in Axes
  7704 | D:8      | Offered knowledge of Bolt of Magma by Vehumet.
  7710 | D:8      | Noticed a two-headed ogre
  7719 | D:8      | Killed a two-headed ogre
  7821 | D:8      | Reached skill level 7 in Shields
  8014 | D:8      | Noticed a gargoyle
  8111 | D:8      | Killed a gargoyle
  8111 | D:8      | Reached skill level 5 in Spellcasting
  8119 | D:8      | Learned a level 5 spell: Bolt of Magma
  8574 | D:9      | Reached skill level 4 in Axes
  8692 | D:9      | Found Baetuyvy's Antique Armour Boutique.
  8696 | D:9      | Bought a pair of glowing boots for 240 gold pieces
  8818 | D:9      | Reached skill level 4 in Fighting
  8818 | D:9      | Reached skill level 4 in Armour
  9036 | D:9      | Noticed a two-headed ogre
  9065 | D:10     | Entered Level 10 of the Dungeon
  9215 | D:10     | Noticed a guardian serpent
  9274 | D:10     | Reached XP level 11. HP: 56/62 MP: 15/19
  9280 | D:10     | Reached ***** piety under Vehumet
  9280 | D:10     | Reached skill level 4 in Earth Magic
  9354 | D:10     | Found a staircase to the Lair.
  9636 | D:8      | Found a sacrificial altar of Ru.
  9676 | D:8      | Offered knowledge of Venom Bolt by Vehumet.
  9697 | D:8      | Reached skill level 9 in Conjurations
  9718 | D:8      | Noticed a cyan ugly thing
  9728 | D:8      | Killed a cyan ugly thing
  9747 | D:8      | Found a deep blue altar of Sif Muna.
  9748 | D:8      | Found an ornate altar of the Wu Jian Council.
  9819 | D:8      | Found Iphotul's General Store.
 10164 | D:9      | Noticed Maurice
 10278 | D:10     | Reached skill level 4 in Dodging
 10340 | D:10     | Reached skill level 7 in Fire Magic
 10419 | D:10     | Reached skill level 5 in Earth Magic
 10431 | D:10     | Reached skill level 6 in Spellcasting
 10627 | D:10     | Found a staircase to the Orcish Mines.
 10654 | D:10     | Reached skill level 5 in Armour
 11335 | Lair:1   | Entered Level 1 of the Lair of Beasts
 11361 | Lair:1   | Learned a level 1 spell: Confusing Touch
 11369 | Lair:1   | Reached skill level 5 in Fighting
 11690 | Lair:1   | Noticed an eight-headed hydra
 11763 | Lair:1   | Reached skill level 5 in Axes
 11769 | Lair:1   | Reached skill level 1 in Hexes
 11854 | Lair:1   | Reached skill level 6 in Earth Magic
 11929 | Lair:1   | Offered knowledge of Lee's Rapid Deconstruction by Vehumet.
 12167 | Lair:1   | Reached XP level 12. HP: 62/68 MP: 19/21
 12174 | Lair:1   | Learned a level 2 spell: Song of Slaying
 12189 | Lair:1   | Reached skill level 10 in Conjurations
 12297 | Lair:1   | HP: 3/68 [12-headed hydra (8)]
 12297 | Lair:1   | Mangled by a 12-headed hydra

Vault maps used:
D:1:      dpeg_arrival_lava_altar
D:3:      overflow_temple_1_default, kennysheep_okawaru_gauntlet, first_ration,
          elyvilon_altar_5, uniq_terence
D:4:      nicolae_gozag_seed_capital, old_standard_altar,
          minmay_temple_entry_purple_smoke, serial_shops, kennysheep_little_box,
          glass_columns_a, lexackson_kobold_supper, uniq_menkaure, uniq_natasha
D:5:      serial_bayou_pond_c, kennysheep_generic_room_11
D:6:      serial_shops, nicolae_shop_stone, nicolae_ossuary_entry_monument,
          uniq_pikel, uniq_grinder, uniq_sigmund, uniq_edmund
D:7:      grunt_livestock
D:8:      nicolae_overflow_hidden_temple, minitemple, serial_shops, shop,
          hangedman_decor_lopped
D:9:      serial_shops, nicolae_shop_stone, david_defended_altar_elf,
          uniq_maurice
D:10:     lair_entry_dummy, zombieorc1_lemuel, enter_bailey_3,
          grunt_ministairs_14, minmay_crystal_room, grunt_decor_cap,
          nrook_guardian_serpent_double
Temple:   regret_index_temple_waves
Lair:1:   st_stairs_11, tgw_fedhas
Ossuary:  ossuary_due_small_catacomb

Skill      XL: |  1  2  3  4  5  6  7  8  9 10 11 12 |
---------------+-------------------------------------+-----
Conjurations   | 2 3 4 5 6 7 8 9 10 | 10.0
Fire Magic     | 4 5 6 7 |  7.7
Fighting       | 1 2 3 4 5 |  5.4
Armour         | 1 2 3 4 5 |  5.5
Dodging        | 2 3 4 |  4.4
Spellcasting   | 3 4 5 6 |  6.3
Axes           | 1 2 4 5 |  5.1
Earth Magic    | 1 3 6 |  6.4
Shields        | 1 5 7 |  7.4
Hexes          | 1 |  1.6
Stealth        | |  2.1

Action                   |  1- 3 |  4- 6 |  7- 9 | 10-12 || total
-------------------------+-------+-------+-------+-------++-------
Melee: Dagger            |    68 |   139 |    52 |       ||   259
       Unarmed           |     1 |       |     4 |       ||     5
       War axe           |       |       |   162 |   389 ||   551
Throw: Javelin           |       |     1 |       |       ||     1
 Cast: Flame Tongue      |    28 |    67 |    90 |       ||   185
       Throw Flame       |       |    23 |    54 |    44 ||   121
       Conjure Flame     |       |     1 |       |     7 ||     8
       Sticky Flame      |       |       |     9 |    75 ||    84
       Fireball          |       |       |     5 |    12 ||    17
       Bolt of Magma     |       |       |       |    18 ||    18
       Song of Slaying   |       |       |       |     1 ||     1
Evoke: Wand              |       |       |       |     2 ||     2
  Use: Scroll            |     2 |       |    16 |     9 ||    27
 Stab: Sleeping          |       |     1 |     5 |     2 ||     8
       Distracted        |       |       |       |     1 ||     1
  Eat: Chunk             |     1 |    11 |    10 |    23 ||    45
       Ration            |       |       |     2 |     6 ||     8
Armor: Robe              |    17 |    64 |   127 |   254 ||   462
       Ring mail         |     5 |       |       |       ||     5
       Skin              |       |       |     1 |       ||     1
Dodge: Dodged            |    49 |   111 |   146 |   262 ||   568
Block: Buckler           |       |       |       |   113 ||   113
       Shield            |       |       |       |     2 ||     2

Table legend:
 A = Spawn XP
 B = Non-spawn XP
 C = Spawn XP percentage of total XP
 D = Spawn monster count
 E = Non-spawn monster count
 F = Spawn count percentage of total count
 G = Total turns spent on level
                    A         B        C        D         E        F      G
               +---------+---------+-------+---------+---------+-------+---------
         Total |       0 |   19619 |   0.0 |       0 |     333 |   0.0 | 12297
               +---------+---------+-------+---------+---------+-------+---------
           D:1 |       0 |      36 |   0.0 |       0 |      18 |   0.0 |   754
           D:2 |       0 |     124 |   0.0 |       0 |      25 |   0.0 |  1093
           D:3 |       0 |      72 |   0.0 |       0 |      19 |   0.0 |   795
           D:4 |       0 |     569 |   0.0 |       0 |      31 |   0.0 |  1284
           D:5 |       0 |    1016 |   0.0 |       0 |      24 |   0.0 |  1111
           D:6 |       0 |    1401 |   0.0 |       0 |      16 |   0.0 |  1014
           D:7 |       0 |    1728 |   0.0 |       0 |      29 |   0.0 |  1271
           D:8 |       0 |    2654 |   0.0 |       0 |      12 |   0.0 |  1216
           D:9 |       0 |    1401 |   0.0 |       0 |      20 |   0.0 |   670
          D:10 |       0 |    5162 |   0.0 |       0 |      84 |   0.0 |  1658
        Temple |       0 |      49 |   0.0 |       0 |       2 |   0.0 |   315
        Lair:1 |       0 |    5193 |   0.0 |       0 |      24 |   0.0 |   762
       Ossuary |       0 |     214 |   0.0 |       0 |      29 |   0.0 |   354
               +---------+---------+-------+---------+---------+-------+---------
